AAA
NASHVILLE SOUNDS @ ALBUQUERQUE ISOTOPES
07/07/2052
 
TOP OF THE 1ST
Victoria HarbourCats batting - Pitching for Reno Aces : RHP Anthony Daltrey
Pitching: RHP Anthony Daltrey
Batting: RHB Remi Brisson 0-0: Called Strike
0-1: Ball
1-1: Swinging Strike
1-2: Foul Ball, location: 2F
1-2: Ball
2-2: Ball
3-2: Base on Balls
Batting: LHB Andres Moralez 0-0: Ball
1-0: Ball
2-0: Called Strike
2-1: Ball
3-1: Base on Balls
Remi Brisson to second
Batting: RHB Jeremy Campbell 0-0: Ball
1-0: Swinging Strike
1-1: Ball
2-1: Foul Ball, location: 2F
2-2: Ball
3-2: Fly out, F7 (Flyball, 78S, EV 90.0 MPH)
Batting: RHB Patrick Jones 0-0: Swinging Strike
0-1: Swinging Strike
0-2: SINGLE (Groundball, 6MD, EV 105.6 MPH)
Remi Brisson to third
Andres Moralez to second
Runner from 3rd tries for Home, throw by CF and OUT! 8-2
Batting: RHB Corey Barrentine 0-0: Called Strike
0-1: Ball
1-1: Ball
2-1: Ball
3-1: Foul Ball, location: 2F
3-2: Ground out 3-1 (Groundball, 34, EV 108.8 MPH)
Top of the 1st over - 0 runs, 1 hit, 0 errors, 2 left on base; Victoria 0 - Reno 0
BOTTOM OF THE 1ST
Reno Aces batting - Pitching for Victoria HarbourCats : RHP Dave de la Cruz
Pitching: RHP Dave de la Cruz
Batting: LHB Erik Long 0-0: Ball
1-0: Called Strike
1-1: Called Strike
1-2: Ground out U3 (Groundball, 3, EV 85.0 MPH)
Batting: RHB Tyler Russman 0-0: Swinging Strike
0-1: Ball
1-1: SINGLE (Groundball, 56D, EV 96.9 MPH)
Batting: RHB Simon Frank 0-0: Ball
1-0: Swinging Strike
1-1: Called Strike
1-2: Ball
2-2: Ball
3-2: Base on Balls
Tyler Russman to second
Batting: LHB Richard Geller 0-0: Foul Ball, location: 2F
0-1: Ball
1-1: Foul Ball, location: 2F
1-2: SINGLE (Groundball, 4D, EV 94.4 MPH)
Tyler Russman to third
Simon Frank to second
Runner from 3rd tries for Home, SAFE, throw by CF to trailing runner, SAFE at third!
Batting: RHB Glenn Finley 0-0: Ball
1-0: Called Strike
1-1: Swinging Strike
1-2: Foul Ball, location: 2F
1-2: Ball
2-2: Strikes out swinging
Batting: LHB John Robinson 0-0: Ball
1-0: Fly out, F8 (Flyball, 8LD, EV 92.5 MPH)
Bottom of the 1st over - 1 run, 2 hits, 0 errors, 2 left on base; Victoria 0 - Reno 1
TOP OF THE 2ND
Victoria HarbourCats batting - Pitching for Reno Aces : RHP Anthony Daltrey
Batting: LHB Miguel Castro 0-0: Ball
1-0: Swinging Strike
1-1: SINGLE (Flyball, 56D, EV 90.0 MPH)
Batting: RHB Brodie Fisher 0-0: Called Strike
0-1: Ball
1-1: Ball
2-1: 2-RUN HOME RUN (Flyball, 7D, EV 95.6 MPH), Distance : 352 ft
Batting: LHB D.J. Yanes 0-0: SINGLE (Groundball, 34D, EV 102.5 MPH) (infield hit)
Batting: RHB David Williams 0-0: Ball
1-0: Called Strike
1-1: Foul Ball, location: 2F
1-2: Ball
2-2: Strikes out swinging
Batting: RHB Remi Brisson 0-0: Called Strike
0-1: Ball
1-1: SINGLE (Line Drive, 4D, EV 95.0 MPH)
D.J. Yanes to second
Runner from 2nd tries for 3rd, SAFE, no throw by CF
Batting: LHB Andres Moralez 0-0: SINGLE (Line Drive, 6M, EV 97.5 MPH)
D.J. Yanes scores
Remi Brisson to second
Batting: RHB Jeremy Campbell 0-0: Fielders Choice at 2nd, 3-6 (Groundball, 34S, EV 83.8 MPH)
Remi Brisson to third
Batting: RHB Patrick Jones 0-0: Ball
1-0: Fly out, F7 (Line Drive, 78M, EV 99.4 MPH)
Top of the 2nd over - 3 runs, 5 hits, 0 errors, 2 left on base; Victoria 3 - Reno 1
BOTTOM OF THE 2ND
Reno Aces batting - Pitching for Victoria HarbourCats : RHP Dave de la Cruz
Batting: RHB Kirby Myers 0-0: Ball
1-0: Ground out 6-3 (Groundball, 56, EV 86.2 MPH)
Batting: LHB Trevor McCoy 0-0: Ball
1-0: Called Strike
1-1: Foul Ball, location: 2F
1-2: Foul Ball, location: 2F
1-2: Foul Ball, location: 2F
1-2: Ball
2-2: Ball
3-2: SINGLE (Groundball, 3D, EV 98.1 MPH)
Batting: RHB Dan Smith 0-0: Foul Ball, location: 2F
0-1: Called Strike
0-2: Ball
1-2: Strikes out swinging
Batting: LHB Erik Long 0-0: SINGLE (Groundball, 4D, EV 98.1 MPH)
Trevor McCoy to second
Runner from 2nd tries for 3rd, SAFE, no throw by RF
Batting: RHB Tyler Russman 0-0: Ball
1-0: Called Strike
1-1: Ball
2-1: Called Strike
2-2: Fielders Choice at 2nd, 5-4 (Groundball, 56, EV 104.4 MPH)
Bottom of the 2nd over - 0 runs, 2 hits, 0 errors, 2 left on base; Victoria 3 - Reno 1
TOP OF THE 3RD
Victoria HarbourCats batting - Pitching for Reno Aces : RHP Anthony Daltrey
Batting: RHB Corey Barrentine 0-0: Ball
1-0: Called Strike
1-1: Called Strike
1-2: Ball
2-2: Ball
3-2: Foul Ball, location: 2F
3-2: Base on Balls
Batting: LHB Miguel Castro 0-0: Called Strike
0-1: Foul Ball, location: 2F
0-2: Ball
1-2: Fly out, F5 (Popup, 25F, EV 81.9 MPH)
Batting: RHB Brodie Fisher 0-0: Ball
1-0: Foul Ball, location: 2F
1-1: Ball
2-1: Called Strike
2-2: Strikes out swinging
Batting: LHB D.J. Yanes 0-0: Ball
1-0: Ball
2-0: Ball
3-0: Base on Balls
Corey Barrentine to second
Batting: RHB David Williams 0-0: Ball
1-0: Ground out U3 (Groundball, 34S, EV 79.4 MPH)
Top of the 3rd over - 0 runs, 0 hits, 0 errors, 2 left on base; Victoria 3 - Reno 1
BOTTOM OF THE 3RD
Reno Aces batting - Pitching for Victoria HarbourCats : RHP Dave de la Cruz
Batting: RHB Simon Frank 0-0: Ball
1-0: Called Strike
1-1: Foul Ball, location: 2F
1-2: Ball
2-2: Strikes out swinging
Batting: LHB Richard Geller 0-0: Fly out, F8 (Flyball, 8RM, EV 88.1 MPH)
Batting: RHB Glenn Finley 0-0: Called Strike
0-1: Ground out 6-3 (Groundball, 6M, EV 90.6 MPH)
Bottom of the 3rd over - 0 runs, 0 hits, 0 errors, 0 left on base; Victoria 3 - Reno 1
TOP OF THE 4TH
Victoria HarbourCats batting - Pitching for Reno Aces : RHP Anthony Daltrey
Batting: RHB Remi Brisson 0-0: Ball
1-0: Foul Ball, location: 2F
1-1: Called Strike
1-2: Ball
2-2: Ball
3-2: Strikes out swinging
Batting: LHB Andres Moralez 0-0: Ball
1-0: Ball
2-0: Ball
3-0: Called Strike
3-1: Base on Balls
Batting: RHB Jeremy Campbell 0-0: Ball
1-0: Called Strike
1-1: Ball
2-1: SINGLE (Line Drive, 9LM, EV 89.4 MPH)
Andres Moralez to second
Runner from 2nd tries for 3rd, SAFE, no throw by RF
Batting: RHB Patrick Jones 0-0: Ball
1-0: Swinging Strike
1-1: Called Strike
1-2: Strikes out swinging
Batting: RHB Corey Barrentine 0-0: Foul Ball, location: 2F
0-1: Ball
1-1: Ball
2-1: Fly out, F5 (Line Drive, 5, EV 65.6 MPH)
Top of the 4th over - 0 runs, 1 hit, 0 errors, 2 left on base; Victoria 3 - Reno 1
BOTTOM OF THE 4TH
Reno Aces batting - Pitching for Victoria HarbourCats : RHP Dave de la Cruz
Batting: LHB John Robinson 0-0: Called Strike
0-1: Swinging Strike
0-2: Foul Ball, location: 2F
0-2: Strikes out swinging
Batting: RHB Kirby Myers 0-0: Ball
1-0: SINGLE (Groundball, 34D, EV 101.2 MPH)
Batting: LHB Trevor McCoy 0-0: Called Strike
0-1: Called Strike
0-2: Ball
Wild Pitch!
Kirby Myers to second
1-2: Ball
2-2: Foul Ball, location: 2F
2-2: Fly out, F9 (Flyball, 9D, EV 80.0 MPH)
Batting: RHB Dan Smith 0-0: Ball
1-0: Swinging Strike
1-1: Foul Ball, location: 2F
1-2: Strikes out swinging
Bottom of the 4th over - 0 runs, 1 hit, 0 errors, 1 left on base; Victoria 3 - Reno 1
TOP OF THE 5TH
Victoria HarbourCats batting - Pitching for Reno Aces : RHP Anthony Daltrey
Batting: LHB Miguel Castro 0-0: Foul Ball, location: 2F
0-1: Ball
1-1: Ball
2-1: Foul Ball, location: 2F
2-2: Ball
3-2: Base on Balls
Batting: RHB Brodie Fisher 0-0: Ball
1-0: Called Strike
1-1: Grounds into double play, 5-4-3 (Groundball, 56S, EV 84.4 MPH)
Batting: LHB D.J. Yanes 0-0: Ball
1-0: Fly out, F3 (Popup, 34S, EV 64.4 MPH)
Top of the 5th over - 0 runs, 0 hits, 0 errors, 0 left on base; Victoria 3 - Reno 1
BOTTOM OF THE 5TH
Reno Aces batting - Pitching for Victoria HarbourCats : RHP Dave de la Cruz
Batting: LHB Erik Long 0-0: Foul Ball, location: 2F
0-1: SINGLE (Flyball, 6D, EV 87.5 MPH)
Batting: RHB Tyler Russman 0-0: Swinging Strike
0-1: Fly out, F8 (Flyball, 8LXD, EV 105.0 MPH)
Runner from 1st tags up, SAFE at 2nd
Batting: RHB Simon Frank 0-0: Swinging Strike
0-1: Swinging Strike
0-2: Foul Ball, location: 2F
0-2: Strikes out looking
Batting: LHB Richard Geller 0-0: SINGLE (Groundball, 4MD, EV 101.9 MPH)
Erik Long to third
Runner from 3rd tries for Home, SAFE, throw by CF to home
Batting: RHB Glenn Finley 0-0: Ball
1-0: SINGLE (Line Drive, 78M, EV 103.1 MPH)
Richard Geller to second
Batting: LHB John Robinson 0-0: Ball
1-0: Ball
2-0: Ball
3-0: Base on Balls
Richard Geller to third
Glenn Finley to second
Batting: RHB Kirby Myers 0-0: Ball
1-0: Called Strike
1-1: Ball
2-1: Swinging Strike
2-2: Strikes out swinging
Bottom of the 5th over - 1 run, 3 hits, 0 errors, 3 left on base; Victoria 3 - Reno 2
TOP OF THE 6TH
Victoria HarbourCats batting - Pitching for Reno Aces : RHP Anthony Daltrey
Batting: RHB David Williams 0-0: Called Strike
0-1: Called Strike
0-2: Strikes out swinging
Batting: RHB Remi Brisson 0-0: Called Strike
0-1: Ball
1-1: Swinging Strike
1-2: Ball
2-2: Foul Ball, location: 2F
2-2: Strikes out swinging
Batting: LHB Andres Moralez 0-0: Ball
1-0: Ball
2-0: Ball
3-0: Called Strike
3-1: Swinging Strike
3-2: Strikes out looking
Top of the 6th over - 0 runs, 0 hits, 0 errors, 0 left on base; Victoria 3 - Reno 2
BOTTOM OF THE 6TH
Reno Aces batting - Pitching for Victoria HarbourCats : RHP Dave de la Cruz
Batting: LHB Trevor McCoy 0-0: Ball
1-0: Foul Ball, location: 2F
1-1: Foul Ball, location: 2F
1-2: Foul Ball, location: 2F
1-2: Strikes out looking
Batting: RHB Dan Smith 0-0: Ball
1-0: Foul Ball, location: 2F
1-1: Fly out, F7 (Line Drive, 7, EV 95.6 MPH)
Batting: LHB Erik Long 0-0: Ball
1-0: Foul Ball, location: 2F
1-1: Foul Ball, location: 2F
1-2: Ball
2-2: Ball
3-2: Strikes out swinging
Bottom of the 6th over - 0 runs, 0 hits, 0 errors, 0 left on base; Victoria 3 - Reno 2
TOP OF THE 7TH
Victoria HarbourCats batting - Pitching for Reno Aces : RHP Anthony Daltrey
Pitching: LHP Chris Shewey
Batting: RHB Jeremy Campbell 0-0: Ball
1-0: Ball
2-0: Ball
3-0: Foul Ball, location: 2F
3-1: Base on Balls
Batting: RHB Patrick Jones 0-0: Foul Ball, location: 2F
0-1: Ball
1-1: Swinging Strike
1-2: Foul Ball, location: 2F
1-2: Ball
2-2: Strikes out swinging
Batting: RHB Corey Barrentine 0-0: Ball
1-0: Foul Ball, location: 2F
1-1: Grounds into double play, 4-6-3 (Groundball, 4, EV 85.6 MPH)
Top of the 7th over - 0 runs, 0 hits, 0 errors, 0 left on base; Victoria 3 - Reno 2
BOTTOM OF THE 7TH
Reno Aces batting - Pitching for Victoria HarbourCats : RHP Dave de la Cruz
Batting: RHB Tyler Russman 0-0: Swinging Strike
0-1: Foul Ball, location: 2F
0-2: Ball
1-2: Strikes out swinging
Pitching: RHP Miguel Moreno
Batting: RHB Simon Frank 0-0: Ball
1-0: Called Strike
1-1: Ball
2-1: Foul Ball, location: 2F
2-2: Fly out, F7 (Flyball, 7, EV 93.1 MPH)
Batting: LHB Richard Geller 0-0: Called Strike
0-1: Foul Ball, location: 2F
0-2: Ball
1-2: Ball
2-2: Ball
3-2: Foul Ball, location: 2F
3-2: Base on Balls
Batting: RHB Glenn Finley 0-0: Called Strike
0-1: Called Strike
0-2: Foul Ball, location: 2F
0-2: Ball
1-2: Fly out, F9 (Flyball, 89D, EV 88.8 MPH)
Bottom of the 7th over - 0 runs, 0 hits, 0 errors, 1 left on base; Victoria 3 - Reno 2
TOP OF THE 8TH
Victoria HarbourCats batting - Pitching for Reno Aces : LHP Chris Shewey
Batting: LHB Miguel Castro 0-0: Called Strike
0-1: Called Strike
0-2: Strikes out swinging
Batting: RHB Brodie Fisher 0-0: Called Strike
0-1: Foul Ball, location: 2F
0-2: Ball
1-2: Foul Ball, location: 2F
1-2: Strikes out looking
Batting: LHB D.J. Yanes 0-0: SINGLE (Groundball, 34D, EV 94.4 MPH)
Batting: RHB David Williams 0-0: Foul Ball, location: 2F
0-1: Swinging Strike
0-2: Strikes out swinging
Top of the 8th over - 0 runs, 1 hit, 0 errors, 1 left on base; Victoria 3 - Reno 2
BOTTOM OF THE 8TH
Reno Aces batting - Pitching for Victoria HarbourCats : RHP Miguel Moreno
Batting: LHB John Robinson 0-0: Ball
1-0: Ground out 5-3 (Groundball, 6S, EV 65.6 MPH)
Pinch Hitting: LHB Tyler Lyon 0-0: Ball
1-0: Swinging Strike
1-1: Ball
2-1: Ball
3-1: SINGLE (Groundball, 25, EV 75.6 MPH) (infield hit)
Pitching: LHP Bill Ortiz
Batting: LHB Trevor McCoy 0-0: Fly out, F8 (Flyball, 8RM, EV 86.2 MPH)
Pitching: RHP Pat Diffin
Batting: RHB Dan Smith 0-0: Ball
1-0: Ball
2-0: Ball
3-0: Called Strike
3-1: Foul Ball, location: 2F
3-2: Base on Balls
Tyler Lyon to second
Batting: LHB Erik Long 0-0: Foul Ball, location: 2F
0-1: Ball
1-1: Foul Ball, location: 2F
1-2: Ball
2-2: Strikes out swinging
Bottom of the 8th over - 0 runs, 1 hit, 0 errors, 2 left on base; Victoria 3 - Reno 2
TOP OF THE 9TH
Victoria HarbourCats batting - Pitching for Reno Aces : LHP Chris Shewey
Now at 2B: John Cockburn
Now at SS: Tyler Russman
Batting: RHB Remi Brisson 0-0: Foul Ball, location: 2F
0-1: Swinging Strike
0-2: Fly out, F8 (Flyball, 8RXD, EV 76.9 MPH)
Batting: LHB Andres Moralez 0-0: Called Strike
0-1: Called Strike
0-2: Strikes out swinging
Pitching: LHP Ignacia Romo
Batting: RHB Jeremy Campbell 0-0: Foul Ball, location: 2F
0-1: Ground out 6-3 (Groundball, 6, EV 83.1 MPH)
Top of the 9th over - 0 runs, 0 hits, 0 errors, 0 left on base; Victoria 3 - Reno 2
BOTTOM OF THE 9TH
Reno Aces batting - Pitching for Victoria HarbourCats : RHP Pat Diffin
Pitching: RHP Joe Lockard
Now at 1B: Miguel Castro
Now at 2B: Frenk Hannema
Batting: RHB Tyler Russman 0-0: Ball
1-0: Foul Ball, location: 2F
1-1: Swinging Strike
1-2: Strikes out looking
Batting: RHB Simon Frank 0-0: Foul Ball, location: 2F
0-1: Ball
1-1: Ball
2-1: SINGLE (Groundball, 13S, EV 66.9 MPH) (infield hit)
Batting: LHB Richard Geller 0-0: Ball
1-0: Called Strike
1-1: Foul Ball, location: 2F
1-2: Fly out, F8 (Flyball, 8LM, EV 90.0 MPH)
Batting: RHB Glenn Finley 0-0: Called Strike
0-1: Ball
1-1: Ball
2-1: Foul Ball, location: 2F
2-2: Ball
3-2: SINGLE (Line Drive, 34D, EV 95.0 MPH)
Simon Frank to second
Simon Frank to third
Batting: LHB John Robinson 0-0: Ball
1-0: Ball
2-0: Ball
3-0: Base on Balls
Glenn Finley to second
Pinch Hitting: RHB Hugh Dickow 0-0: Ball
1-0: Called Strike
1-1: Foul Ball, location: 2F
1-2: Ball
2-2: Foul Ball, location: 2F
2-2: Fielders Choice at 2nd, 5-4 (Groundball, 56, EV 106.9 MPH)
Bottom of the 9th over - 0 runs, 2 hits, 0 errors, 3 left on base; Victoria 3 - Reno 2
Saturday, April 27th , 2024 - OOTP Baseball 24.11 Build 85